 Dungeon Crawl Stone Soup version 0.31.0-32-g396128a36d (webtiles) character file.

Game seed: 13921181730953645592

95 BigDaddyOpFi the Chopper (level 4, -5/41 HPs)
             Began as a Hill Orc Monk on Mar 11, 2024.
             Slain by a water moccasin (6 damage)
             ... on level 3 of the Dungeon on Mar 12, 2024.
             The game lasted 00:03:02 (2058 turns).

BigDaddyOpFi the Chopper (Hill Orc Monk)            Turns: 2058, Time: 00:03:03

Health: -5/41      AC:  3    Str: 15    XL:     4   Next: 66%
Magic:  4/4        EV: 13    Int: 10    God:
Gold:   59         SH:  0    Dex: 13    Spells: 3/3 levels left

rFire   . . .        a - +0 hand axe
rCold   . . .        d - orb {light}
rNeg    . . .        b - +0 robe
rPois   .            (no helmet)
rElec   .            j - +0 cloak
rCorr   .            (no gloves)
SInv    .            (no boots)
Will    .....        (no amulet)
Stlth   +            (no ring)
HPRegen 0.26/turn    (no ring)
MPRegen 0.09/turn

%: no passive effects
@: lethally poisoned (-5 -> -19), glowing
A: no striking features
a: no special abilities


You were on level 3 of the Dungeon.
You visited 1 branch of the dungeon, and saw 3 of its levels.

You collected 59 gold pieces.

Inventory:

Hand Weapons
 a - a +0 hand axe (weapon)
Armour
 b - a +0 robe (worn)
 d - an orb of light (worn)
 j - a +0 cloak (worn)
Scrolls
 g - 2 scrolls of fear
 h - a scroll of silence
 k - a scroll of poison
 l - a scroll of immolation {unknown}
 m - a scroll of enchant weapon {unknown}
Potions
 f - a potion of lignification {unknown}
 i - a potion of invisibility {unknown}
 n - a potion of mutation {unknown}


   Skills:
 + Level 4.8 Fighting
 + Level 5.1 Axes
 + Level 3.1 Dodging


You had 3 spell levels left.
You didn't know any spells.
Your spell library contained the following spells:

 Spells                   Type           Power      Damage    Failure   Level
 Call Imp                 Summ           0%         N/A       50%         2
 Sublimation of Blood     Necr           0%         N/A       50%         2
 Summon Hydra             Summ           0%         N/A       100%        7


Dungeon Overview and Level Annotations

Branches:
Dungeon (3/15)

Altars:


Message History

You are more poisoned.
The water moccasin poisons you!
The water moccasin completely misses you.
It was a potion of heal wounds.
You feel much better.
You feel extremely sick. The water moccasin misses you.
You completely miss the water moccasin.
The water moccasin is severely wounded.
You feel very sick. The water moccasin barely misses you.
You feel much better.
You feel very sick. The water moccasin bites you.
The water moccasin barely misses you.
As you read the scroll of fear, it crumbles to dust.
You assume a fearsome visage.
The bat looks frightened!
The water moccasin resists with some effort.
You feel very sick. The water moccasin barely misses you.
You hit the water moccasin but do no damage.
The water moccasin is severely wounded.
You feel very sick. The water moccasin closely misses you.
The water moccasin bites you!
You are lethally poisoned!
The water moccasin poisons you!
You hit the water moccasin.
The water moccasin is severely wounded.
You feel very sick. The water moccasin bites you.
* * * LOW HITPOINT WARNING * * *
It was a potion of curing.
You feel better. The water moccasin bites you.
You are lethally poisoned!
The water moccasin poisons you!
You hit the water moccasin.
The water moccasin is severely wounded.
* * * LOW HITPOINT WARNING * * *
You feel very sick. The water moccasin bites you!
* * * LOW HITPOINT WARNING * * *
The water moccasin bites you.
You die...

#..#
#.######...##.#
#.# #..# #.#
##.###.# #.#
#..# #.# #.#
#.# #.# #..#
#.# #.# #...
..# #.# #..#
### #.# #.# ###
####.##.....
#...@S...# #
#.##.##.## # ..
#.# .# # ## #..
.# # #.. .# #
##.. # # #. #
#. # #


You could see a water moccasin.

Vanquished Creatures
  A bombardier beetle (D:3)
  An adder (D:2)
  A ribbon worm (D:3)
  2 dart slugs (D:1)
  5 endoplasms
  5 goblins
  6 hobgoblins
  7 kobolds
  A quokka (D:3)
  5 ball pythons
  3 bats
  5 frilled lizards (D:2)
  5 rats
47 creatures vanquished.

Notes
Turn   | Place    | Note
-------+----------+-------------------------------------------
     0 | D:1      | BigDaddyOpFi the Hill Orc Monk began the quest for the Orb.
     0 | D:1      | Reached XP level 1. HP: 19/19 MP: 1/1
   207 | D:1      | Reached XP level 2. HP: 26/27 MP: 2/2
   706 | D:1      | Reached XP level 3. HP: 28/33 MP: 3/3
  1830 | D:3      | Reached skill level 5 in Axes
  1830 | D:3      | Reached XP level 4. HP: 16/41 MP: 4/4
  2040 | D:3      | Noticed a water moccasin
  2058 | D:3      | HP: 1/41 [water moccasin (9)]
  2058 | D:3      | Slain by a water moccasin

Illustrated notes

Levels and vault maps discovered:
D:1:      roderic_crop_circles_arrival_small, layout_basic, feat_on_display
D:2:      layout_loops_cross, minmay_lizard_pond
D:3:      layout_loops_ring, kennysheep_donut, uniq_crazy_yiuf_cottage

Skill      XL: |  1  2  3 |
---------------+----------+-----
Fighting       | 4 |  4.8
Dodging        | 3 |  3.1
Axes           | 5 |  5.1

Action                     |  1- 3 |  4- 6 || total
---------------------------+-------+-------++-------
  Melee: Hand axe          |   121 |    27 ||   148
    Use: Potion            |     1 |     3 ||     4
         Scroll            |     2 |     2 ||     4
 Armour: Robe              |    53 |    16 ||    69
  Dodge: Dodged            |    69 |    20 ||    89
